 Dungeon Crawl Stone Soup version 0.29-a0-270-g1586fc07ea (webtiles) character file.

Game seed: 7441175227551592290

302 bearlyready the Bolt Thrower (level 6, 0/34 HPs)
             Began as a Kobold Arcane Marksman on Mar 7, 2022.
             Slain by an ufetubus (4 damage)
             ... on level 4 of the Dungeon.
             The game lasted 00:09:44 (4822 turns).

bearlyready the Bolt Thrower (KoAM)                 Turns: 4822, Time: 00:09:45

Health: 0/34       AC:  3    Str:  7    XL:     6   Next: 65%
Magic:  7/7        EV: 15    Int: 15    God:
Gold:   152        SH:  0    Dex: 23    Spells: 6/7 levels left

rFire   . . .      SeeInvis .   a - +0 hand crossbow
rCold   . . .      Faith    .   (no shield)
rNeg    . . .      Spirit   .   b - +0 robe
rPois   .          Reflect  .   (no helmet)
rElec   .          Harm     .   (no cloak)
rCorr   .          Rampage  .   p - +0 pair of gloves
Will    .....                   (no boots)
Stlth   ++++......              (no amulet)
HPRegen 0.11/turn               v - +6 ring of dexterity
MPRegen 0.10/turn               d - ring of wizardry

@: no status effects
A: small, no large weapons, nightstalker 3
a: no special abilities


You were on level 4 of the Dungeon.
You visited 1 branch of the dungeon, and saw 4 of its levels.
You also visited: Sewer.

You collected 152 gold pieces.

Inventory:

Hand Weapons
 a - a +0 hand crossbow (weapon)
 u - a +1 whip of venom
Missiles
 k - 2 poisoned darts
 s - 114 stones
Armour
 b - a +0 robe (worn)
 p - a +0 pair of gloves (worn)
 w - a +0 pair of boots
 B - a +2 leather armour of fire resistance
Jewellery
 d - a ring of wizardry (right hand)
 v - a +6 ring of dexterity (left hand)
Wands
 r - a wand of iceblast (5)
Scrolls
 c - a scroll of vulnerability
 e - a scroll of summoning {unknown}
 g - 4 scrolls of teleportation
 j - 2 scrolls of fear {unknown}
 m - 4 scrolls of fog
 n - 2 scrolls of blinking
 q - a scroll of noise
 x - a scroll of enchant weapon {unknown}
 y - 2 scrolls of identify
Potions
 f - 2 potions of cancellation {unknown}
 h - a potion of curing
 i - a potion of lignification {unknown}
 l - a potion of might {unknown}
 o - 2 potions of magic {unknown}
 t - 2 potions of mutation {unknown}
 z - a potion of heal wounds {unknown}
 A - a potion of berserk rage {unknown}


   Skills:
 - Level 1.1 Fighting
 + Level 7.2 Crossbows
 - Level 2.4 Dodging
 + Level 4.9 Stealth
 - Level 1.1 Spellcasting
 - Level 3.0 Hexes


You had 6 spell levels left.
You knew the following spells:

 Your Spells              Type           Power      Damage    Failure   Level
a - Slow                  Hex            36%        N/A       2%          1

Your spell library contained the following spells:

 Spells                   Type           Power      Damage    Failure   Level
 Inner Flame              Hex/Fire       5%         N/A       16%         3
 Portal Projectile        Hex/Tloc       10%        N/A       16%         3
 Cause Fear               Hex            4%         N/A       26%         4
 Call Canine Familiar     Summ           0%         N/A       28%         3
 Leda's Liquefaction      Hex/Erth       2%         N/A       45%         4


Dungeon Overview and Level Annotations

Branches:
Dungeon (4/15)              Sewer (visited)
 Temple: D:4-7

Altars:
Vehumet


Innate Abilities, Weirdness & Mutations

You are small and have problems with some larger weapons.
You are completely attuned to the shadows.


Message History

The gnoll attacks as you move away! The gnoll barely misses you.
Aiming: Iceblast
Press: ? - help, Shift-Dir - straight line, p - gnoll
Okay, then.
The gnoll attacks as you move away! The gnoll hits you with a +0 club.
The ufetubus shouts!
Really attack while wielding your +0 hand crossbow? [Y]es or [N]o only, please.
Really attack while wielding your +0 hand crossbow?
Okay, then.
The ufetubus hits you but does no damage.
The ufetubus misses you. The gnoll barely misses you.
The gnoll closely misses you. The gnoll attacks as you move away!
The gnoll closely misses you. The ufetubus attacks as you move away!
The ufetubus barely misses you.
The ufetubus hits you but does no damage.
The ufetubus closely misses you. The ufetubus barely misses you.
The gnoll closely misses you. The gnoll attacks as you move away!
The gnoll hits you with a +0 club.
Found a scroll labelled BEKOSCH CI TIG.
The ufetubus attacks as you move away!
The ufetubus hits you but does no damage.
The ufetubus hits you. The ufetubus misses you.
The ufetubus completely misses you. The ufetubus hits you.
The ufetubus closely misses you. The ufetubus attacks as you move away!
The ufetubus completely misses you. The ufetubus hits you.
* * * LOW HITPOINT WARNING * * *
The ufetubus hits you.
* * * LOW HITPOINT WARNING * * *
The ufetubus barely misses you. The ufetubus hits you.
* * * LOW HITPOINT WARNING * * *
The ufetubus completely misses you. The ufetubus attacks as you move away!
The ufetubus closely misses you. x2
There is a stone staircase leading up here.
The ufetubus hits you.
* * * LOW HITPOINT WARNING * * *
The ufetubus completely misses you. The ufetubus hits you.
You die...

..............# *,**,** *,
...#####......# *,**,,* *, #.##
#†.....# *,***,****, ...#
###.##.###### *,,,,,,,,*, .#.#
###.##...?..# *,,****,,,,
##r#***#.....#####.# *,,* *≈,,,
#.#,,r#.....# #.# *,,* *≈≈,,
#.#,r.#.....#####.###**,* **≈≈*
#†#rrr#.....gg5@....# *,##****,,
#.(rrr#.....#######.###..†,,,***
#.#.rr*...###,,...........,***,*
#.#rrr*..#* *,*####.######** *,*
#.#,rr*,,****,* #.# *,*
#.#****,,,,,,,* #.# *,* ##.##
********* #.# *,* #...#
*,**********,* #.#.###
*,,,,,,,,,,,,*


You could see 2 gnolls and an ufetubus.

Vanquished Creatures
  Pargi (Sewer)
  An orc wizard (D:3)
  A gnoll (D:4)
  3 river rats (D:4)
  4 adders
  3 worms
  5 orcs (D:3)
  6 ball pythons
  3 bats
  5 endoplasms
  7 giant cockroaches
  11 goblins
  9 hobgoblins
  9 jackals
  2 kobolds
  2 quokkas (D:1)
  7 frilled lizards
  11 rats
90 creatures vanquished.

Vanquished Creatures (others)
  2 rats (D:4)
2 creatures vanquished.

Grand Total: 92 creatures vanquished

Notes
Turn   | Place    | Note
-------+----------+-------------------------------------------
     0 | D:1      | bearlyready the Kobold Arcane Marksman began the quest for
                  | the Orb.
     0 | D:1      | Reached XP level 1. HP: 12/12 MP: 2/2
    95 | D:1      | Reached skill level 3 in Crossbows
   232 | D:1      | Reached XP level 2. HP: 15/16 MP: 3/3
   531 | D:1      | Reached skill level 4 in Crossbows
   559 | D:1      | Reached XP level 3. HP: 15/20 MP: 4/4
  1135 | D:2      | Reached skill level 5 in Crossbows
  1143 | D:2      | HP: 1/20 [goblin/sling bullet (5)]
  1540 | D:2      | Reached XP level 4. HP: 25/25 MP: 5/5
  1602 | D:2      | Reached skill level 1 in Stealth
  2899 | D:3      | Reached skill level 6 in Crossbows
  2899 | D:3      | Reached XP level 5. HP: 25/29 MP: 6/6
  3003 | D:3      | Noticed a sky beast
  4010 | D:4      | Found a radiant altar of Vehumet.
  4135 | D:4      | Found a glowing drain.
  4165 | Sewer    | Entered a sewer
  4202 | Sewer    | Noticed Pargi
  4210 | Sewer    | Killed Pargi
  4211 | Sewer    | Reached skill level 7 in Crossbows
  4211 | Sewer    | Reached XP level 6. HP: 12/34 MP: 7/7
  4822 | D:4      | Slain by an ufetubus

Illustrated notes

Levels and vault maps discovered:
D:1:      elethiomel_arrival_infinity_welcomes_careful_drivers, layout_rooms,
          st_stairs_9
D:2:      layout_basic, minmay_misc_feat_x, minmay_goblin_outpost
D:3:      layout_basic
D:4:      layout_loops_ring, fiery_altar_vehumet, cheibrodos_sewer_entry_bend,
          kennysheep_nub, palyth_stone_intersect, dk_rats_in_the_wall

Skill      XL: |  1  2  3  4  5 |
---------------+----------------+-----
Crossbows      | 3 4 5 6 7 |  7.2
Stealth        | 2 4 |  4.9
Fighting       | |  1.1
Dodging        | |  2.4
Spellcasting   | |  1.1
Hexes          | |  3.0

Action                   |  1- 3 |  4- 6 || total
-------------------------+-------+-------++-------
 Fire: Hand crossbow     |    88 |   196 ||   284
 Cast: Slow              |       |     5 ||     5
Evoke: Wand              |       |     3 ||     3
  Use: Potion            |       |     1 ||     1
       Scroll            |       |     5 ||     5
Armor: Robe              |    12 |    16 ||    28
Dodge: Dodged            |    49 |    97 ||   146

Table legend: (Time is in decaauts)
 A = Elapsed time spent in this place.
 B = Non-inter-level travel time spent in this place.
 C = Inter-level travel time spent in this place.
 D = Time resting spent in this place.
 E = Time spent auto-exploring this place.
 F = Levels seen in this place.
 G = Mean time per level.
                   A        B        C        D        E       F      G
               +--------+--------+--------+--------+--------+-----+--------+
         Total |   4952 |   4842 |    110 |    422 |   3621 |   5 |  990.4 |
       Dungeon |   4521 |   4411 |    110 |    422 |   3240 |   4 | 1130.2 |
         Sewer |    430 |    430 |      0 |      0 |    381 |   1 |  430.0 |
               +--------+--------+--------+--------+--------+-----+--------+

Top non-repeatable levels by time:
     D:2: 1668 daAuts
     D:1: 1440 daAuts
     D:3: 975 daAuts
     D:4: 438 daAuts
   Sewer: 430 daAuts
